AoeStats
← Elgato8153

Hideout

509274558Analyzed
1v1 RM · 6d ago on Sep 26, 2026· 39m 31s· 2 players
Game mode
Random Map
Map size
Tiny (2 player)
Population
200
Speed
Normal
Resources
Standard
Victory
Conquest
Starting age
Dark Age
Ending age
Imperial Age
RankedLock teamsTeams togetherTeam positionsShared explorationLock speedFull tech treeHidden civsTurbo modeCheats
Victory
Defeat
🇺🇸 Danes · United States
928
+15
🇪🇸 Georgians · Spain
910
-15
Elgato8153
5:01 Loom
10:34 Feudal Age
16:22 Castle Age
14:58 Scale Mail Armor
15:05 Double-Bit Axe
15:26 Horse Collar
16:40 Forging
18:00 Wheelbarrow
18:26 Town Watch
19:02 Gambesons
20:18 Fervor
20:48 Chain Mail Armor
21:21 Squires
25:25 Fletching
26:13 Gold Mining
30:22 Bow Saw
32:27 Padded Archer Armor
Pwnz3R
2:23 Loom
10:57 Feudal Age
11:38 Double-Bit Axe
11:36 Horse Collar
12:26 Town Watch
19:55 Castle Age
18:00 Stone Mining
18:01 Gold Mining
23:21 Bow Saw
24:35 Stone Shaft Mining
23:53 Fletching
25:16 Murder Holes
25:19 Bodkin Arrow
31:35 Ballistics
33:58 Gambesons
34:14 Squires
34:00 Arson
39:05 Masonry
42:18 Imperial Age
39:53 Heavy Plow
40:29 Gold Shaft Mining
39:57 Scale Mail Armor
40:09 Forging
Connection lost

Rejoining the realm…

Still unreachable

The connection could not be restored.

Session expired

The server has moved on; the page needs a fresh start.